 Dungeon Crawl Stone Soup version 0.26-a0-487-gbff1e92059 (webtiles) character file.

Game seed: 15286374287857889357

158 MrRokkomies the Stinger (level 5, 0/31 HPs)
             Began as an Octopode Venom Mage on Aug 2, 2020.
             Slain by a gnoll (9 damage)
             ... on level 3 of the Dungeon.
             The game lasted 00:08:47 (4065 turns).

MrRokkomies the Stinger (Octopode Venom Mage)       Turns: 4065, Time: 00:08:50

Health: 0/31       AC:  1    Str:  7    XL:     5   Next: 40%
Magic:  15/17      EV: 14    Int: 19    God:
Gold:   206        SH:  0    Dex: 12    Spells: 2/8 levels left

rFire    . . .     SeeInvis .   e - -3 dagger (curse)
rCold    . . .     Faith    .   (no shield)
rNeg     . . .     Spirit   .   (helmet restricted)
rPois    .         Reflect  .   (no amulet)
rElec    .         Harm     .   f - ring of magical power
rCorr    .                      (no ring)
MR       .....                  (no ring)
Stlth    +++.......             (no ring)
HPRegen  0.10/turn              (no ring)
MPRegen  0.15/turn              (no ring)
                                (no ring)
                                (no ring)

@: very slightly contaminated
A: almost no armour, stealthy swim, amphibious, 8 rings, constrict 8, camouflage
1, gelatinous body 1
a: no special abilities


You were on level 3 of the Dungeon.
You visited 1 branch of the dungeon, and saw 3 of its levels.

You collected 206 gold pieces.

Inventory:

Hand Weapons
 a - a +0 dagger
 b - a +0 hunting sling
 e - a cursed -3 dagger (weapon)
 k - a +0 rapier
Missiles
 c - 71 sling bullets
 d - 144 stones (quivered)
 i - 7 javelins
Jewellery
 f - a ring of magical power (left tentacle)
Scrolls
 g - a scroll of identify
 j - a scroll of amnesia {unknown}
Potions
 h - a potion of brilliance {unknown}
 l - a potion of stabbing {unknown}


   Skills:
 * Level 3.7 Dodging
 + Level 4.1 Stealth
 - Level 2.0 Spellcasting
 - Level 1.0 Transmutations
 * Level 5.3 Poison Magic


You had 2 spell levels left.
You knew the following spells:

 Your Spells              Type           Power        Failure   Level
a - Sting                 Tmut/Pois      ##..         4%          1
b - Poisonous Vapours     Pois/Air       ##....       9%          2
c - Mephitic Cloud        Conj/Pois/Air  #.......     24%         3

Your spell library contained the following spells:

 Spells                   Type           Power        Failure   Level
 Olgreb's Toxic Radiance  Pois           ###.....     19%         4
 Ignite Poison            Fire/Tmut/Pois #.......     22%         3


Dungeon Overview and Level Annotations

Branches:
Dungeon (3/15)

Altars:
Yredelemnul


Innate Abilities, Weirdness & Mutations

You cannot wear most types of armour.
You are very stealthy in the water. (Stealth+)
You are amphibious.
You can wear up to eight rings at the same time.
You can use your tentacles to constrict eight enemies at once.
Your skin changes colour to match your surroundings (Stealth+).
Your rubbery body absorbs attacks. (AC +1, EV +1)


Message History

You become entangled in the net!
You struggle against the net.
You struggle against the net.
The gnoll closely misses you.
You rip the net and break free!
The gnoll hits you.
* * * LOW HITPOINT WARNING * * *
Okay, then.
Unknown command.
Okay, then.
Unknown command.
Unknown command.
There is a stone staircase leading up here.
Casting: Poisonous Vapours (safe; 9% risk of failure)
Confirm with . or Enter, or press ? or * to list all spells.
Aiming: Poisonous Vapours (safe; 9% risk of failure)
Press: ? - help, Dir - move target cursor, f - gnoll
Aim: a gnoll (lightly wounded)
You miscast Poisonous Vapours.
You are very lightly contaminated with residual magic.
Nothing appears to happen.
The gnoll hits you!
You die...

### ######.# #......# #.####.#
#.# #.# #################g# #.#
#.......#.......@.# #.#
#.#####.#.######### #.#
#.#...#.#.# #.#
#.#.#.#.#.############.#
......#.#.##.........#.#########
..#.###.#.##.#######<#.##......#
......#.#..........#.#.##......#
.##.#.#.#..#.#####.#.#.##......#
.#..#.#.#..#.#.................#


You could see a gnoll.

Vanquished Creatures
  3 gnolls (D:3)
  3 adders
  2 oozes
  2 worms
  2 dart slugs (D:2)
  A leopard gecko (D:3)
  An orc (D:3)
  6 giant cockroaches
  12 goblins
  8 hobgoblins
  8 jackals
  3 ball pythons
  9 bats
  4 frilled lizards
  9 kobolds
  6 rats
79 creatures vanquished.

Notes
Turn   | Place    | Note
-------+----------+-------------------------------------------
     0 | D:1      | MrRokkomies the Octopode Venom Mage began the quest for the
                  | Orb.
     0 | D:1      | Reached XP level 1. HP: 11/11 MP: 3/3
   204 | D:1      | Reached XP level 2. HP: 17/17 MP: 5/5
   211 | D:1      | Learned a level 2 spell: Poisonous Vapours
   252 | D:1      | Reached skill level 4 in Poison Magic
   498 | D:1      | Reached XP level 3. HP: 17/21 MP: 6/6
  1593 | D:2      | Learned a level 3 spell: Mephitic Cloud
  1648 | D:2      | Found a basalt altar of Yredelemnul.
  1861 | D:2      | Reached XP level 4. HP: 27/27 MP: 7/7
  3412 | D:3      | Reached skill level 5 in Poison Magic
  3696 | D:3      | Reached XP level 5. HP: 31/31 MP: 8/8
  3989 | D:3      | HP: 1/31 [gnoll (5)]
  4065 | D:3      | Slain by a gnoll

Illustrated notes

Levels and vault maps discovered:
D:1:      minmay_arrival_arboretum_large, layout_basic
D:2:      layout_basic, overflow_temple_1_default, minmay_hexomino_p4
D:3:      layout_basic

Skill      XL: |  1  2  3  4 |
---------------+-------------+-----
Stealth        | 3 4 |  4.1
Poison Magic   | 4 5 |  5.3
Dodging        | 3 |  3.7
Spellcasting   | |  2.0
Transmutations | |  1.0

Action                   |  1- 3 |  4- 6 || total
-------------------------+-------+-------++-------
Melee: Dagger            |     6 |    71 ||    77
       Constrict         |     2 |    19 ||    21
       Tentacles         |     2 |    12 ||    14
 Fire: Hunting sling     |   144 |     9 ||   153
 Cast: Sting             |     8 |    12 ||    20
       Poisonous Vapours |       |     5 ||     5
  Use: Scroll            |       |     4 ||     4
 Stab: Sleeping          |       |     8 ||     8
Armor: Skin              |    11 |    15 ||    26
Dodge: Dodged            |    53 |    68 ||   121

Table legend: (Time is in decaauts)
 A = Elapsed time spent in this place.
 B = Non-inter-level travel time spent in this place.
 C = Inter-level travel time spent in this place.
 D = Time resting spent in this place.
 E = Time spent auto-exploring this place.
 F = Levels seen in this place.
 G = Mean time per level.
                   A        B        C        D        E       F      G
               +--------+--------+--------+--------+--------+-----+--------+
         Total |   4089 |   4036 |     53 |    603 |   2718 |   3 | 1363.0 |
       Dungeon |   4089 |   4036 |     53 |    603 |   2718 |   3 | 1363.0 |
               +--------+--------+--------+--------+--------+-----+--------+

Top non-repeatable levels by time:
     D:1: 1566 daAuts
     D:3: 1457 daAuts
     D:2: 1066 daAuts
